 Dungeon Crawl Stone Soup version 0.30-a0-365-ge7f957f1db (webtiles) character file.

Game seed: 13397947249962009018

946 avis the Shooter (level 7, -2/59 HPs)
             Began as a Demigod Ice Elementalist on Nov 17, 2022.
             Killed from afar by an acid dragon (25 damage)
             ... with a splash of acid
             ... on level 6 of the Dungeon on Nov 18, 2022.
             The game lasted 00:39:32 (6141 turns).

avis the Shooter (Demigod Ice Elementalist)         Turns: 6141, Time: 00:39:34

Health: -2/59      AC: 13    Str:  9    XL:     7   Next: 58%
Magic:  15/23      EV: 13    Int: 17    God:
Gold:   208        SH:  0    Dex: 22    Spells: 5/12 levels left

rFire   . . .      SeeInvis .    a - +4 spear
rCold   . . .      Faith    .    (no shield)
rNeg    . . .      Spirit   .    d - +0 robe
rPois   .          Reflect  .    A - +0 helmet
rElec   .          Harm     .    (no cloak)
rCorr   .          Rampage  .    w - +0 pair of gloves
Will    .....                    u - +2 pair of boots {Stlth+}
Stlth   +++.......               (no amulet)
HPRegen 0.29/turn                x - ring of magical power
MPRegen 0.18/turn                (no ring)

@: ice-armoured, freezing walls
A: high MP 1, forlorn, divine attributes
a: no special abilities


You were on level 6 of the Dungeon.
You visited 1 branch of the dungeon, and saw 6 of its levels.

You collected 257 gold pieces.
You spent 49 gold pieces at shops.

Inventory:

Hand Weapons
 a - a +4 spear (weapon)
 b - a +0 sling
 c - a +0 whip of draining
 e - a +0 broad axe
 h - a +0 short sword
 k - a +0 hand axe
 B - a +0 halberd of venom
 D - a +1 mace of protection
Armour
 d - a +0 robe (worn)
 j - a +1 pair of boots
 u - a +2 pair of boots of stealth (worn)
 w - a +0 pair of gloves (worn)
 A - a +0 helmet (worn)
Magical Staves
 n - a staff of fire
Jewellery
 x - a ring of magical power (left hand)
Wands
 C - a wand of digging (4)
Scrolls
 l - a scroll of vulnerability
 m - a scroll of magic mapping
 o - a scroll of torment
 r - 4 scrolls of fear {unknown}
 s - a scroll of summoning
 v - 2 scrolls of amnesia {unknown}
 y - 4 scrolls of blinking {unknown}
 z - a scroll of immolation
 F - a scroll of enchant weapon
Potions
 f - a potion of might
 g - a potion of degeneration
 i - a potion of haste
 p - a potion of flight
 q - a potion of berserk rage
 t - a potion of attraction
 E - a potion of curing
 G - 2 potions of heal wounds


   Skills:
 - Level 4.0 Fighting
 * Level 5.3 Ranged Weapons
 - Level 2.0 Dodging
 - Level 2.0 Stealth
 - Level 3.0 Spellcasting
 - Level 5.0 Ice Magic


You had 5 spell levels left.
You knew the following spells:

 Your Spells              Type           Power      Damage    Failure   Level
a - Freeze                Ice            76%        1d8       2%          1
o - Ozocubu's Armour      Ice            19%        N/A       7%          3
r - Frozen Ramparts       Ice            38%        1d6       7%          3

Your spell library contained the following spells:

 Spells                   Type           Power      Damage    Failure   Level
 Magic Dart               Conj           8%         1d3       17%         1
 Slow                     Hex            8%         N/A       17%         1
 Poisonous Vapours        Pois/Air       4%         N/A       26%         2
 Searing Ray              Conj           4%         2d4       26%         2
 Confusing Touch          Hex            2%         N/A       45%         3
 Vampiric Draining        Necr           2%         2d6       45%         3
 Summon Ice Beast         Ice/Summ       11%        N/A       52%         4
 Fulminant Prism          Conj/Hex       1%         3d5       86%         4
 Conjure Ball Lightning   Conj/Air       1%         3x3d6     100%        6
 Simulacrum               Ice/Necr       5%         N/A       100%        6


Dungeon Overview and Level Annotations

Branches:
Dungeon (6/15)
 Temple: D:4-7

Shops:
D:1 [[[


Innate Abilities, Weirdness & Mutations

You have an increased reservoir of magic. (+10% MP)
You shall have no god before yourself.
Your divine heritage dramatically boosts your attributes as you level up.


Message History

a - a +4 spear (weapon)
The wall freezes the acid dragon.
The acid dragon bites you.
The acid dragon claws you but does no damage.
You closely miss the acid dragon.
The acid dragon is lightly wounded.
The wall freezes the acid dragon.
The acid dragon bites you but does no damage.
The acid dragon closely misses you.
You hit the acid dragon but do no damage.
The acid dragon is moderately wounded.
The wall freezes the acid dragon.
The acid dragon bites you. The acid dragon misses you.
You hit the acid dragon.
The acid dragon is heavily wounded.
The wall freezes the acid dragon but does no damage.
The acid dragon spits acid at you. The splash of acid hits you!!
You hit the acid dragon but do no damage.
The acid dragon is heavily wounded.
The wall freezes the acid dragon but does no damage.
The acid dragon bites you but does no damage.
The acid dragon claws you.
You closely miss the acid dragon.
The acid dragon is heavily wounded.
The wall freezes the acid dragon.
The acid dragon bites you. The acid dragon closely misses you.
You closely miss the acid dragon.
The acid dragon is severely wounded.
The frozen ramparts melt away.
The acid dragon misses you.
The acid dragon claws you but does no damage.
Casting: Ozocubu's Armour (dangerous; 7% risk of failure)
Confirm with . or Enter, or press ? or * to list all spells.
Casting: Frozen Ramparts (dangerous; 7% risk of failure)
Press: ? - help, Dir - look around, f - activate The walls around you are covered in ice.
The wall freezes the bullfrog.
The bullfrog seems to slow down.
The wall freezes the acid dragon.
The acid dragon spits acid at you. The splash of acid hits you!!
You die...

.....#. #.....#
.......######.....##
.......))<..........
).......)....###.##
.....#.......##..+
.... ###.....#...#
... ###......# ..
##....## . ##..@##
.#####...D#
.........F#
#..##....#...# #
##..$.#.## ##.....#
#...... .........
.#......#


You could see an acid dragon (catching breath) and a bullfrog (slow).

Vanquished Creatures
  Menkaure (D:5)
  A phantom (D:5)
  3 wights (D:4)
  A howler monkey (D:5)
  A hound (D:5)
  A gnoll bouda (D:6)
  2 orc priests
  Jessica (D:3)
  Natasha (thrice) (D:3)
  4 orc wizards
  8 gnolls
  4 adders
  A shadow imp (D:5)
  2 white imps (D:5)
  An ufetubus (D:4)
  2 worms
  3 dart slugs
  12 orcs
  6 endoplasms
  8 giant cockroaches
  7 goblins
  5 hobgoblins
  3 quokkas
  6 ball pythons
  7 bats
  A frilled lizard (D:1)
  5 kobolds
  6 rats
105 creatures vanquished.

Notes
Turn   | Place    | Note
-------+----------+-------------------------------------------
     0 | D:1      | avis the Demigod Ice Elementalist began the quest for the
                  | Orb.
     0 | D:1      | Reached XP level 1. HP: 14/14 MP: 5/5
    65 | D:1      | Found Luitaaff's Armour Emporium.
   307 | D:1      | Reached XP level 2. HP: 20/20 MP: 5/7
   557 | D:1      | Reached skill level 1 in Fighting
   638 | D:1      | Found Yjiwomir's Armour Boutique.
   727 | D:1      | Found Jionkod's Antique Armour Shoppe.
  1097 | D:2      | Reached XP level 3. HP: 28/28 MP: 7/9
  1118 | D:2      | Learned a level 3 spell: Frozen Ramparts
  1190 | D:2      | Learned a level 3 spell: Ozocubu's Armour
  1617 | D:3      | Noticed Natasha
  1754 | D:3      | Killed Natasha
  1755 | D:3      | Reached skill level 1 in Ranged Weapons
  1755 | D:3      | Reached XP level 4. HP: 25/36 MP: 2/10
  1846 | D:3      | Noticed Jessica
  1852 | D:3      | Killed Jessica
  2253 | D:3      | Reached XP level 5. HP: 29/41 MP: 7/11
  2666 | D:3      | Noticed Natasha
  2678 | D:3      | Killed Natasha
  2757 | D:1      | Bought a +0 pair of gloves for 49 gold pieces
  2941 | D:3      | Noticed Natasha
  2945 | D:3      | Killed Natasha
  2946 | D:3      | Reached skill level 5 in Ice Magic
  3240 | D:4      | Got Dyr Tef's Lessons on the Cloudy Winter
  3488 | D:4      | Reached XP level 6. HP: 21/44 MP: 7/12
  3493 | D:4      | HP: 2/42 [wight/+0 falchion (6)]
  4626 | D:5      | Entered Level 5 of the Dungeon
  4746 | D:5      | Noticed Menkaure
  4757 | D:5      | Killed Menkaure
  4923 | D:5      | Reached XP level 7. HP: 49/57 MP: 14/14
  5661 | D:5      | Reached skill level 5 in Ranged Weapons
  6141 | D:6      | Killed from afar by an acid dragon

Illustrated notes

Levels and vault maps discovered:
D:1:      minmay_arrival_nine_rooms, layout_basic, serial_shops,
          nicolae_shop_statue_plus, shop, shop, minmay_distorted
D:2:      layout_rooms, grunt_ministairs_9
D:3:      layout_rooms, tso_altar, mainiacjoe_overflow_alcove_2, serial_curves,
          eino_curves_02, eino_curves_03, eino_curves_01, eino_curves_03,
          chequers_ecumenical_altar_simple_redux, uniq_jessica, uniq_natasha
D:4:      layout_gridville, nicolae_ru_the_path_less_chosen
D:5:      layout_loops_corners, uniq_menkaure
D:6:      layout_layer_cave, lemuel_blue_sif_altar, minmay_misc_feat_encased,
          abandoned_shop, minmay_misc_feat_tower, uniq_pikel

Skill      XL: |  1  2  3  4  5  6  7 |
---------------+----------------------+-----
Ice Magic      | 4 5 |  5.0
Spellcasting   | 2 3 |  3.0
Fighting       | 1 2 3 4 |  4.0
Ranged Weapons | 1 2 3 4 5 |  5.3
Dodging        | 2 |  2.0
Stealth        | 2 |  2.0

Action                   |  1- 3 |  4- 6 |  7- 9 || total
-------------------------+-------+-------+-------++-------
Melee: Hand axe          |     5 |       |       ||     5
       Spear             |       |    18 |    30 ||    48
       Punch             |       |       |     1 ||     1
 Fire: Sling             |    61 |   121 |    56 ||   238
 Cast: Freeze            |    30 |    11 |       ||    41
       Ozocubu's Armour  |     2 |     9 |     6 ||    17
       Frozen Ramparts   |     1 |    17 |    15 ||    33
  Use: Potion            |       |     8 |       ||     8
       Scroll            |       |       |    11 ||    11
Armor: Robe              |    16 |    53 |    39 ||   108
       Skin              |       |    28 |       ||    28
Dodge: Dodged            |    35 |    46 |    40 ||   121

Table legend: (Time is in decaauts)
 A = Elapsed time spent in this place.
 B = Non-inter-level travel time spent in this place.
 C = Inter-level travel time spent in this place.
 D = Time resting spent in this place.
 E = Time spent auto-exploring this place.
 F = Levels seen in this place.
 G = Mean time per level.
                   A        B        C        D        E       F      G
               +--------+--------+--------+--------+--------+-----+--------+
         Total |   6217 |   5607 |    610 |   1772 |   2644 |   6 | 1036.2 |
       Dungeon |   6217 |   5607 |    610 |   1772 |   2644 |   6 | 1036.2 |
               +--------+--------+--------+--------+--------+-----+--------+

Top non-repeatable levels by time:
     D:3: 1506 daAuts
     D:4: 1446 daAuts
     D:5: 1422 daAuts
     D:1: 1134 daAuts
     D:2: 607 daAuts
     D:6: 100 daAuts
